 Dungeon Crawl Stone Soup version 0.20-a0-81-g6e69d53 (webtiles) character file.

23658 minotard the Severer (level 12, -3/184 HPs)
             Began as a Minotaur Berserker on Nov 20, 2016.
             Was a High Priest of Trog.
             Slain by an 18-headed hydra (6 damage)
             ... on level 6 of the Lair of Beasts.
             The game lasted 00:11:41 (6742 turns).

minotard the Severer (Minotaur Berserker)           Turns: 6742, Time: 00:11:42

Health: -3/184     AC: 22    Str: 29    XL:     12   Next: 73%
Magic:  11/11      EV: 13    Int:  4    God:    Trog [*****.]
Gold:   427        SH:  0    Dex: 13    Spells: 0 memorised, 11 levels left

rFire  + . .     SeeInvis .     w - -1 war axe
rCold  . . .     Gourm    .     s - +0 plate armour (curse)
rNeg   . . .     Faith    .     (no shield)
rPois  +         Spirit   .     d - +2 hat
rElec  .         Reflect  .     t - +0 cloak
rCorr  .         Harm     .     (no gloves)
MR     .....                    n - +0 pair of boots
Stlth  ..........               N - amulet of Vitality {Regen+ HP+15}
                                u - +3 ring of protection
                                H - ring of poison resistance

@: berserking (expiring), very quick
A: retaliatory headbutt, horns 2, fire resistance 1
a: Berserk, Trog's Hand, Brothers in Arms, Burn Spellbooks, Renounce Religion


You were on level 6 of the Lair of Beasts.
You worshipped Trog.
Trog was extremely pleased with you.
You were not hungry.

You visited 2 branches of the dungeon, and saw 15 of its levels.
You also visited: Ossuary.

You collected 647 gold pieces.
You spent 220 gold pieces at shops.

Inventory:

Hand Weapons
 a - a +1 hand axe
 w - a -1 war axe (weapon)
Armour
 d - a +2 hat (worn)
 n - a +0 pair of boots (worn)
 s - a cursed +0 plate armour (worn)
 t - a +0 cloak (worn)
Jewellery
 b - an uncursed ring of positive energy
 i - an uncursed amulet of harm
 u - a +3 ring of protection (right hand)
 H - a ring of poison resistance (left hand)
 N - the amulet of Vitality (around neck) {Regen+ HP+15}
   (You found it on level 1 of the Lair of Beasts)

   [amulet of regeneration]

   It affects your health (+15).
   It increases your rate of regeneration.
Wands
 r - a wand of acid (0/15)
 y - a wand of slowing (32/48)
 E - a wand of iceblast (1/15)
 K - a wand of digging (8/24)
 O - a wand of iceblast (6/15)
 P - a wand of disintegration (10/24)
Scrolls
 e - 3 scrolls of immolation
 g - 5 scrolls of remove curse
 h - a scroll of identify
 l - 4 scrolls of fear
 o - a scroll of enchant weapon
 x - a scroll of brand weapon {unknown}
 F - a scroll of recharging
 I - a scroll of magic mapping
 L - 3 scrolls of vulnerability
 M - a scroll of enchant armour
 R - 3 scrolls of teleportation
Potions
 f - 6 potions of curing
 j - a potion of degeneration {unknown}
 q - 6 potions of flight
 z - 2 potions of agility
 A - 2 potions of haste
 B - 3 potions of might {unknown}
 D - a potion of brilliance {unknown}
 J - a potion of mutation {unknown}
 T - a potion of berserk rage {unknown}
Books
 k - a book of Geomancy

   Spells                             Type                      Level
   a - Sandblast                      Earth                        1
   b - Passwall                       Transmutation/Earth          2
   c - Stone Arrow                    Conjuration/Earth            3
   d - Petrify                        Transmutation/Earth          4
   e - Lee's Rapid Deconstruction     Earth                        5
   Trog disapproves of the use of such an item.
Comestibles
 c - 5 bread rations
 m - 10 fruits
 p - 7 meat rations
 v - 4 slices of pizza


   Skills:
 + Level 10.8 Fighting
 * Level 17.9 Axes
 + Level 10.5 Armour
 + Level 9.5 Dodging


You had 11 spell levels left.
You didn't know any spells.

Dungeon Overview and Level Annotations

Branches:
Dungeon (9/15)             Temple (0/1) D:6            Lair (6/6) D:8
  Swamp (0/4) Lair:3
  Snake: Lair:2-4    Spider: Lair:2-4     Slime: Lair:5-6       Orc: D:9-12

Altars:

Shops:
D:7 *   D:9 }

Annotations:
Lair:1 exclusion: oklob plant


Innate Abilities, Weirdness & Mutations

You reflexively headbutt those who attack you in melee.
You have a pair of horns on your head.
Your flesh is heat resistant. (rF+)


Message History

You chop one of the 17-headed hydra's heads off!
The 16-headed hydra grows two more!
You slash the 18-headed hydra!
The 18-headed hydra is severely wounded.
You slice the blink frog!!
You completely miss the 18-headed hydra.
You headbutt the 18-headed hydra!
The 18-headed hydra is almost dead.
You barely miss the blink frog.
Unknown command.
You completely miss the 18-headed hydra.
The 18-headed hydra is almost dead.
You closely miss the blink frog.
The 18-headed hydra bites you but does no damage. x2
The 18-headed hydra misses you.
The 18-headed hydra bites you but does no damage. x2
The 18-headed hydra bites you!
* * * LOW HITPOINT WARNING * * *
The 18-headed hydra bites you but does no damage. x2
The 18-headed hydra bites you.
You die...

#### ######### # ##.#.
#P.#.##.####
..#....#######..........
.........#..............
......D@................
.......F†.............†.
.......F................
.............#P.........
.....................#..
........................
........................
#.......................
.........


You could see a 18-headed hydra and 2 blink frogs.

Vanquished Creatures
  Gastronok (D:9)
  3 hydras
  8 death yaks (Lair:4)
  Joseph (D:8)
  3 centaur zombies (D:9)
  2 black mambas
  A torpor snail (Lair:2)
  7 spiny frogs
  A redback zombie (D:9)
  5 komodo dragons
  2 hellwings (D:9)
  11 blink frogs
  4 hippogriffs
  A wyvern (Lair:1)
  11 yaks
  A basilisk (Lair:3)
  2 hungry ghosts
  3 porcupines
  3 water moccasins
  An orc warrior (D:7)
  2 black bears
  3 ogres
  5 wolves (Lair:3)
  A centaur (D:7)
  8 crocodiles
  3 bullfrogs
  A big kobold (D:7)
  A wyvern zombie (D:9)
  2 wyvern skeletons
  2 scorpions
  3 killer bees (D:9)
  3 wights (D:8)
  A howler monkey (D:9)
  3 electric eels (Lair:2)
  3 crimson imps
  5 hounds
  An orc priest (D:9)
  A jelly (D:9)
  An orc wizard (D:7)
  2 bullfrog skeletons
  4 hell rats (Lair:4)
  An iguana (D:3)
  3 worker ants
  12 mummies (Ossuary)
  4 adders
  6 shadow imps
  An ooze (D:5)
  2 worms (D:5)
  2 leopard geckos
  12 orcs
  4 bats
  3 giant cockroaches
  A goblin (D:3)
  2 hobgoblins
  3 jackals (D:6)
  8 kobolds
  2 quokkas
  2 ball pythons (D:7)
  A frilled lizard (D:2)
  3 gnoll skeletons (Ossuary)
  4 goblin skeletons (Ossuary)
  An orc skeleton (Ossuary)
  6 rats
  11 rat skeletons (Ossuary)
  A fungus (Lair:6)
  A plant (Lair:6)
222 creatures vanquished.

Vanquished Creatures (others)
  2 fungi
  A plant (D:8)
3 creatures vanquished.

Grand Total: 225 creatures vanquished

Notes
Turn   | Place    | Note
-------+----------+-------------------------------------------
     0 | D:1      | minotard the Minotaur Berserker began the quest for the Orb.
     0 | D:1      | Reached XP level 1. HP: 19/19 MP: 0/0
    91 | D:2      | Reached skill level 4 in Axes
   220 | D:2      | Reached XP level 2. HP: 22/26 MP: 1/1
   394 | D:3      | Reached skill level 5 in Axes
   394 | D:3      | Reached XP level 3. HP: 31/31 MP: 2/2
   622 | D:5      | Entered Level 5 of the Dungeon
   627 | D:5      | Reached skill level 6 in Axes
   627 | D:5      | Reached XP level 4. HP: 35/39 MP: 3/3
   708 | D:5      | Reached skill level 7 in Axes
   708 | D:5      | Reached XP level 5. HP: 39/45 MP: 4/4
   740 | D:5      | Noticed a water moccasin
   749 | D:5      | Gained mutation: Your flesh is heat resistant. (rF+) [potion of beneficial mutation]
   749 | D:5      | Killed a water moccasin
   749 | D:5      | Reached skill level 8 in Axes
   749 | D:5      | Reached XP level 6. HP: 17/51 MP: 5/5
   806 | D:5      | Reached ** piety under Trog
  1158 | D:6      | Reached skill level 9 in Axes
  1224 | D:6      | Found a staircase to the Ecumenical Temple.
  1230 | D:6      | Reached XP level 7. HP: 57/57 MP: 6/6
  1366 | D:7      | Reached skill level 10 in Axes
  1466 | D:7      | Found Dueblyull's Serpentskin Sales.
  1592 | D:7      | Found a sand-covered staircase.
  1611 | D:7      | Reached skill level 11 in Axes
  1661 | D:7      | Noticed a hungry ghost
  1676 | D:7      | Killed a hungry ghost
  1676 | D:7      | Reached XP level 8. HP: 64/64 MP: 7/7
  1687 | Ossuary  | Entered an ossuary
  1692 | Ossuary  | Reached *** piety under Trog
  1783 | Ossuary  | Reached skill level 12 in Axes
  2275 | D:8      | Noticed Joseph
  2288 | D:8      | Killed Joseph
  2288 | D:8      | Reached skill level 13 in Axes
  2357 | D:8      | Reached XP level 9. HP: 72/72 MP: 8/8
  2446 | D:8      | Reached **** piety under Trog
  2457 | D:8      | Found a staircase to the Lair.
  2458 | D:8      | Noticed a komodo dragon
  2470 | D:8      | Killed a komodo dragon
  2470 | D:8      | Reached skill level 5 in Fighting
  2738 | D:9      | Found Koam Eraro's Gadget Emporium.
  2751 | D:9      | Noticed a hellwing
  2752 | D:9      | Noticed a hellwing
  2762 | D:9      | Reached skill level 14 in Axes
  2762 | D:9      | Reached skill level 5 in Armour
  2767 | D:9      | Reached skill level 5 in Dodging
  2774 | D:9      | Killed a hellwing
  2775 | D:9      | Killed a hellwing
  2775 | D:9      | Reached XP level 10. HP: 52/84 MP: 9/9
  3120 | D:9      | Noticed Gastronok
  3133 | D:9      | Killed Gastronok
  3133 | D:9      | Reached skill level 15 in Axes
  3245 | D:7      | Bought an uncursed ring of poison resistance for 220 gold pieces
  3293 | Lair:1   | Entered Level 1 of the Lair of Beasts
  3345 | Lair:1   | Noticed an oklob plant
  3593 | Lair:1   | Reached XP level 11. HP: 56/94 MP: 10/10
  4550 | Lair:3   | Reached skill level 16 in Axes
  4689 | Lair:3   | Found a staircase to the Swamp.
  4937 | Lair:3   | Reached ***** piety under Trog
  5492 | Lair:4   | Noticed a death yak
  5493 | Lair:4   | Noticed a death yak
  5493 | Lair:4   | Noticed a death yak
  5494 | Lair:4   | Noticed a death yak
  5500 | Lair:4   | Killed a death yak
  5504 | Lair:4   | Killed a death yak
  5507 | Lair:4   | Killed a death yak
  5508 | Lair:4   | Killed a death yak
  5508 | Lair:4   | Reached XP level 12. HP: 106/106 MP: 11/11
  5575 | Lair:4   | Noticed a five-headed hydra
  5582 | Lair:4   | Killed a seven-headed hydra
  5720 | Lair:4   | Noticed a death yak
  5720 | Lair:4   | Noticed a death yak
  5721 | Lair:4   | Noticed a death yak
  5722 | Lair:4   | Noticed a death yak
  5726 | Lair:4   | Killed a death yak
  5726 | Lair:4   | Reached skill level 17 in Axes
  5731 | Lair:4   | Killed a death yak
  5731 | Lair:4   | Reached skill level 10 in Fighting
  5734 | Lair:4   | Killed a death yak
  5738 | Lair:4   | Killed a death yak
  5877 | Lair:4   | Reached skill level 10 in Armour
  6265 | Lair:5   | Noticed a six-headed hydra
  6276 | Lair:5   | Killed an 11-headed hydra
  6340 | Lair:5   | Noticed a four-headed hydra
  6348 | Lair:5   | Killed a seven-headed hydra
  6607 | Lair:6   | Entered Level 6 of the Lair of Beasts
  6719 | Lair:6   | Noticed an eight-headed hydra
  6742 | Lair:6   | HP: 3/184 [18-headed hydra (9)]
  6742 | Lair:6   | Slain by an 18-headed hydra

Vault maps used:
D:1:      scummos_arrival_checkerplants
D:2:      lemuel_crystal_altar, minmay_misc_feat_doors, minmay_misc_feat_rows
D:4:      grunt_temple_overflow_open, minmay_misc_feat_hallway, bh_chokoban,
          minmay_misc_feat_alley
D:5:      first_bread
D:7:      nicolae_ossuary_entry_ruins, guppyfry_shop_venom
D:8:      david_lair_shrubbed, uniq_joseph
D:9:      cheibrodos_grave_circle, chequers_temple_overflow_minitemple,
          serial_shops, nicolae_shop_crystal, uniq_gastronok, uniq_maurice
Lair:1:   minmay_lair_oklob_bushes
Lair:2:   minmay_snake_entry_guardpost_medium, lab_entry_generic,
          hangedman_lair_generics_rect, serial_bayou_shore_a
Lair:3:   swamp_mist_pool
Lair:4:   grunt_megastairs_2
Lair:5:   lemuel_fruit_fields
Lair:6:   evilmike_catoblepas_cave, minmay_slime_entry_oklob_enclosed
Ossuary:  ossuary_due_small_catacomb

Skill      XL: |  1  2  3  4  5  6  7  8  9 10 11 12 |
---------------+-------------------------------------+-----
Axes           | 4 5 6 7 8 9 11 13 14 15 16 17 | 17.9
Fighting       | 4 6 8 9 10 | 10.8
Armour         | 3 5 7 9 10 | 10.5
Dodging        | 3 5 6 8 9 |  9.5

Action                   |  1- 3 |  4- 6 |  7- 9 | 10-12 || total
-------------------------+-------+-------+-------+-------++-------
Melee: Hand axe          |    40 |    47 |    58 |       ||   145
       Headbutt          |     3 |    11 |    38 |   112 ||   164
       War axe           |       |       |   172 |   423 ||   595
Invok: Berserk           |     1 |     2 |     5 |    15 ||    23
       Trog's Hand       |       |       |       |     5 ||     5
       Burn Spellbooks   |       |       |       |     1 ||     1
Evoke: Wand              |       |       |       |     9 ||     9
  Use: Potion            |       |     2 |       |     1 ||     3
       Scroll            |       |       |    12 |     7 ||    19
  Eat: Beef jerky        |       |     1 |       |     2 ||     3
       Chunk             |       |     1 |     7 |    12 ||    20
       Bread ration      |       |       |     2 |     1 ||     3
       Fruit             |       |       |       |     7 ||     7
       Meat ration       |       |       |       |     1 ||     1
Armor: Animal skin       |    13 |     5 |       |       ||    18
       Scale mail        |       |     5 |     7 |       ||    12
       Plate armour      |       |       |    93 |   265 ||   358
Dodge: Dodged            |    23 |    24 |    74 |   221 ||   342
